 Dungeon Crawl Stone Soup version 0.22.1-2-g9c5b331 (webtiles) character file.

609 WarriorsX the Slasher (level 7, 0/53 HPs)
             Began as a Human Fighter on Dec 9, 2018.
             Succumbed to a killer bee's poison
             ... on level 2 of the Dungeon.
             The game lasted 00:13:35 (3466 turns).

WarriorsX the Slasher (Human Fighter)               Turns: 3466, Time: 00:13:36

Health: 0/53       AC:  9    Str: 24    XL:     7   Next: 71%
Magic:  7/7        EV: 12    Int:  8    God:
Gold:   158        SH:  0    Dex: 15    Spells: 6/6 levels left

rFire    + . .     SeeInvis .   a - +1 long sword
rCold    . . .     Gourm    .   (no shield)
rNeg     . . .     Faith    .   b - +0 scale mail
rPois    .         Spirit   .   (no helmet)
rElec    .         Reflect  .   (no cloak)
rCorr    .         Harm     .   c - +1 pair of gloves {Dex+3}
MR       .....                  (no boots)
Stlth    ..........             (no amulet)
HPRegen  0.17/turn              m - ring of protection from fire
MPRegen  0.10/turn              (no ring)

@: mighty, lethally poisoned (0 -> -2)
A: no striking features
a: no special abilities


You were on level 2 of the Dungeon.
You were not hungry.

You visited 1 branch of the dungeon, and saw 3 of its levels.
You also visited: Sewer.

You collected 158 gold pieces.

Inventory:

Hand Weapons
 a - a +1 long sword (weapon)
 k - a +0 battleaxe
Armour
 b - a +0 scale mail (worn)
 c - a +1 pair of gloves of dexterity (worn)
Jewellery
 m - a ring of protection from fire (left hand)
Scrolls
 e - a scroll of teleportation
 g - a scroll of random uselessness
 i - a scroll of identify
 j - a scroll of magic mapping
 p - 2 scrolls of amnesia {unknown}
Potions
 o - a potion of flight
Comestibles
 f - 3 rations


   Skills:
 + Level 3.8 Fighting
 - Level 6.2 Long Blades
 - Level 4.0 Armour
 - Level 3.0 Dodging
   Level 3.0 Shields


You had 6 spell levels left.
You didn't know any spells.
Your spell library was empty.

Dungeon Overview and Level Annotations

Branches:
Dungeon (3/15)

Altars:
Cheibriados
Hepliaklqana
Okawaru


Message History

As you read the scroll labeled URHEUS ZURPHI, it crumbles to dust.
It is a scroll of enchant weapon.
Your +0 long sword glows red for a moment.
* * * LOW HITPOINT WARNING * * *
You feel sick.
* * * LOW HITPOINT WARNING * * *
You feel sick.
* * * LOW HITPOINT WARNING * * *
You feel sick.
You see here a stone.
You see here a stone.
* * * LOW HITPOINT WARNING * * *
You feel sick.
You see here a stone.
You see here a whip.
* * * LOW HITPOINT WARNING * * *
You feel sick.
Things that are here:
a halberd; a whip; a spear You die...

#.............#
#.############# #.#
#############.#
..........<##.#
##########.##.#
.......# #.##.#
######.###.##.######
....†...(((.)..)@)>#
######.#.#.#..######
#.#.#.#..#
######.#.#.#..#
.....#.#.#.#..#
####.#.#.#.#..#
#.#.#.#.#..#
#...#.#.#..#
##..#.#.#..#


There were no monsters in sight!

Vanquished Creatures
  An ogre (D:2)
  A big kobold (Sewer)
  A killer bee (D:2)
  27 gnolls
  3 adders (D:2)
  A river rat (Sewer)
  2 dart slugs (D:1)
  5 leopard geckos
  4 orcs (D:3)
  7 bats
  2 giant cockroaches
  9 goblins
  10 hobgoblins
  21 jackals
  5 kobolds
  7 frilled lizards
  A leopard gecko skeleton (D:2)
  8 rats
115 creatures vanquished.

Notes
Turn   | Place    | Note
-------+----------+-------------------------------------------
     0 | D:1      | WarriorsX the Human Fighter began the quest for the Orb.
     0 | D:1      | Reached XP level 1. HP: 18/18 MP: 1/1
   158 | D:1      | Reached XP level 2. HP: 19/24 MP: 2/2
   458 | D:1      | Reached XP level 3. HP: 29/29 MP: 3/3
   881 | D:2      | Reached XP level 4. HP: 33/35 MP: 4/4
   986 | D:2      | Reached skill level 3 in Long Blades
  1081 | D:2      | Reached skill level 1 in Dodging
  1149 | D:2      | Reached XP level 5. HP: 31/41 MP: 5/5
  1463 | D:3      | Found a glowing drain.
  1487 | Sewer    | Entered a sewer
  1540 | Sewer    | Noticed a big kobold
  1577 | Sewer    | Killed a big kobold
  1577 | Sewer    | Reached skill level 4 in Long Blades
  1577 | Sewer    | Reached XP level 6. HP: 37/47 MP: 6/6
  1710 | Sewer    | Found a white marble altar of Elyvilon.
  1779 | D:3      | Found a snail-covered altar of Cheibriados.
  1828 | D:3      | Found a hazy altar of Hepliaklqana.
  1909 | D:3      | Found an iron altar of Okawaru.
  1948 | D:3      | Found a faded altar of an unknown god.
  2215 | D:3      | Noticed an ogre
  2406 | D:2      | Reached skill level 5 in Long Blades
  2632 | D:2      | Killed an ogre
  2632 | D:2      | Reached XP level 7. HP: 26/52 MP: 7/7
  2641 | D:2      | Reached skill level 6 in Long Blades
  3438 | D:2      | HP: 1/52 [killer bee (5)]
  3456 | D:2      | HP: 2/53 [poisoned by a killer bee]
  3463 | D:2      | HP: 1/53 [poisoned by a killer bee]
  3466 | D:2      | Succumbed to a killer bee's poison

Skill      XL: |  1  2  3  4  5  6  7 |
---------------+----------------------+-----
Armour         | 4 |  4.0
Long Blades    | 3 4 5 6 |  6.2
Dodging        | 2 3 |  3.0
Fighting       | |  3.8
Shields        | |  3.0

Action                   |  1- 3 |  4- 6 |  7- 9 || total
-------------------------+-------+-------+-------++-------
Melee: Long sword        |    65 |   232 |    55 ||   352
  Use: Potion            |       |     4 |     2 ||     6
       Scroll            |       |     2 |     4 ||     6
  Eat: Chunk             |       |     6 |     3 ||     9
Armor: Scale mail        |    30 |   167 |    23 ||   220
Dodge: Dodged            |    36 |   234 |    48 ||   318
       Rpst.: Long sword |     9 |    66 |    19 ||    94
